 Dungeon Crawl Stone Soup version 0.19-a0-27-g415f530 (webtiles) character file.

103744 Mefis the Eclecticist (level 15, -13/74 HPs)
             Began as a Deep Elf Wizard on Apr 30, 2016.
             Was the Champion of Sif Muna.
             Mangled by a spriggan rider
             ... wielding a +0 spear
              (17 damage)
             ... on level 1 of the Swamp on May 1, 2016.
             The game lasted 06:47:04 (52486 turns).

Mefis the Eclecticist (Deep Elf Wizard)            Turns: 52486, Time: 06:47:04

Health: -13/74     AC:  6    Str:  5    XL:     15   Next: 89%
Magic:  27/45      EV: 17    Int: 32    God:    Sif Muna [******]
Gold:   1293       SH:  3    Dex: 13    Spells: 12 memorised, 0 levels left

rFire  . . .     SeeInvis .     U - staff of wizardry
rCold  + . .     Gourm    .     (no armour)
rNeg   . . .     Faith    .     (no shield)
rPois  .         Spirit   .     J - +1 hat
rElec  .         Dismiss  .     v - +2 cloak
rCorr  .         Reflect  +     s - +0 pair of gloves
SustAt .         Harm     .     D - +0 pair of boots
MR     +....                    Z - +3 amulet of reflection
Stlth  ++++......               Q - ring of magical power
                                B - +3 ring of intelligence

@: repel missiles, somewhat resistant to hostile enchantments, stealthy
A: cold resistance 1
a: Channel Energy, Forget Spell, Renounce Religion


You were on level 1 of the Swamp.
You worshipped Sif Muna.
Sif Muna was exalted by your worship.
You were near starving.

You visited 5 branches of the dungeon, and saw 25 of its levels.

You collected 2088 gold pieces.
You spent 795 gold pieces at shops.

Inventory:

Hand Weapons
 d - the +3 shortbow of Seomann {freeze, rF+ MP+9 Int+2 SInv}
   (You found it on level 1 of the Swamp)

   It causes projectiles fired from it to freeze those they strike, causing
   extra injury to most foes and up to half again as much damage against
   particularly susceptible opponents.
   They can also slow down cold-blooded creatures.
   It affects your intelligence (+2).
   It protects you from fire.
   It affects your magic capacity (+9).
   It lets you see invisible.
 n - a +3 shortbow of evasion
Missiles
 b - a throwing net (quivered)
 k - 432 arrows
Armour
 a - a +1 troll leather armour
 s - a +0 pair of gloves (worn)
 v - a +2 cloak (worn)
 D - a +0 pair of boots (worn)
 J - a +1 hat (worn)
Magical Staves
 M - an uncursed staff of earth
 U - an uncursed staff of wizardry (weapon)
Jewellery
 f - an uncursed ring of protection from magic
 o - an uncursed ring of protection from fire
 B - a +3 ring of intelligence (left hand)
 F - an uncursed ring of protection from cold
 Q - a ring of magical power (right hand)
 Z - a +3 amulet of reflection (around neck)
Wands
 g - a wand of confusion (30/48)
 R - a wand of enslavement (4/24)
Scrolls
 e - 2 scrolls of teleportation
 p - a scroll of holy word
 u - a scroll of fear
 y - 2 scrolls of vulnerability {unknown}
 O - 7 scrolls of remove curse
 P - a scroll of acquirement {unknown}
Potions
 h - a potion of ambrosia
 j - 3 potions of curing
 r - a potion of resistance
 t - 2 potions of cancellation
 w - 5 potions of flight
 z - 2 potions of agility
 N - a potion of magic
 X - 4 potions of brilliance
Books
 l - a book of Summonings

   Spells                             Type                      Level
   a - Recall                         Summoning/Translocation      3
   b - Aura of Abjuration             Summoning                    5
   c - Summon Demon                   Summoning                    5
   d - Summon Forest                  Summoning/Translocation      5
   e - Summon Mana Viper              Hexes/Summoning              5
   f - Shadow Creatures               Summoning                    6
 E - a book of Annihilations

   Spells                             Type                      Level
   a - Poison Arrow                   Conjuration/Poison           6
   b - Chain Lightning                Conjuration/Air              8
   c - Lehudib's Crystal Spear        Conjuration/Earth            8
   d - Glaciate                       Conjuration/Ice              9
   e - Fire Storm                     Conjuration/Fire             9
 G - a book of Debilitation

   Spells                             Type                      Level
   a - Corona                         Hexes                        1
   b - Slow                           Hexes                        2
   c - Gell's Gravitas                Hexes/Translocation          3
   d - Inner Flame                    Hexes/Fire                   3
   e - Cause Fear                     Hexes                        4
   f - Leda's Liquefaction            Hexes/Earth                  4
 K - Sif Muna's Incunabulum of Warped Blows and Bruises
   (Sif Muna gifted it to you on level 1 of the Lair of Beasts)

   Spells                             Type                      Level
   a - Shroud of Golubria             Charms/Translocation         2
   b - Stone Arrow                    Conjuration/Earth            3
   c - Passage of Golubria            Translocation                4
   d - Warp Weapon                    Charms/Translocation         5
   e - Iskenderun's Battlesphere      Conjuration/Charms           5
   f - Freezing Cloud                 Conjuration/Ice/Air          6
 T - a book of Flames

   Spells                             Type                      Level
   a - Flame Tongue                   Conjuration/Fire             1
   b - Throw Flame                    Conjuration/Fire             2
   c - Conjure Flame                  Conjuration/Fire             3
   d - Inner Flame                    Hexes/Fire                   3
   e - Sticky Flame                   Conjuration/Fire             4
   f - Fireball                       Conjuration/Fire             5
 W - Sif Muna's Compendium of Changing and the Compass
   (Sif Muna gifted it to you on level 6 of the Lair of Beasts)

   Spells                             Type                      Level
   a - Ice Form                       Ice/Transmutation            4
   b - Irradiate                      Conjuration/Transmutation    5
   c - Summon Forest                  Summoning/Translocation      5
   d - Blade Hands                    Transmutation                5
   e - Statue Form                    Transmutation/Earth          6
 Y - Sif Muna's Catalogue of Combat Magic
   (Sif Muna gifted it to you on level 2 of the Orcish Mines)

   Spells                             Type                      Level
   a - Dazzling Spray                 Conjuration/Hexes            3
   b - Fulminant Prism                Conjuration/Hexes            4
   c - Orb of Destruction             Conjuration                  7
   d - Spellforged Servitor           Conjuration/Summoning        7
   e - Chain Lightning                Conjuration/Air              8
Miscellaneous
 c - a plain deck of defence
 i - a box of beasts
Comestibles
 C - 16 fruits
 H - 3 beef jerkies
 L - 6 meat rations
 V - 11 royal jellies


   Skills:
 - Level 1.0 Fighting
 - Level 4.0 Armour
 + Level 10.0 Dodging
 + Level 10.6 Stealth
   Level 3.1 Shields
 * Level 15.1 Spellcasting
 * Level 10.0 Conjurations
 * Level 13.1 Hexes
 + Level 8.0 Charms
 - Level 6.1 Summonings
 - Level 5.3 Translocations
 + Level 8.7 Fire Magic
   Level 2.7 Ice Magic
 - Level 4.6 Air Magic
 + Level 7.9 Earth Magic
 + Level 7.1 Poison Magic
 - Level 10.5 Invocations


You couldn't memorise any spells.
You knew the following spells:

 Your Spells              Type           Power        Failure   Level  Hunger
a - Magic Dart            Conj           ####         1%          1    None
b - Summon Forest         Summ/Tloc      ######....   2%          5    None
c - Blink                 Tloc           N/A          1%          2    None
d - Bolt of Magma         Conj/Fire/Erth ######....   1%          5    None
e - Mephitic Cloud        Conj/Pois/Air  ######..     1%          3    None
f - Fireball              Conj/Fire      ######....   1%          5    None
g - Slow                  Hex            #######.     0%          2    None
i - Cause Fear            Hex            #######...   1%          4    None
j - Iskenderun's Battles  Conj/Chrm      ######..     1%          5    None
o - Repel Missiles        Chrm/Air       ######       1%          2    None
q - Orb of Destruction    Conj           ######....   12%         7    #####..
s - Stone Arrow           Conj/Erth      ######       1%          3    None


Dungeon Overview and Level Annotations

Branches:
Dungeon (13/15)            Temple (1/1) D:5            Lair (8/8) D:11
  Swamp (1/4) Lair:3       Spider (0/4) Lair:4        Slime (0/6) Lair:7
    Orc (2/2) D:11            Elf (0/3) Orc:2
 Vaults: D:13-14

Altars:
Ashenzari
Cheibriados
Dithmenos
Elyvilon
Fedhas
Gozag
Kikubaaqudgha
Makhleb
Nemelex Xobeh
Okawaru
Pakellas
Qazlal
Ru
Sif Muna
Trog
Vehumet
Xom
Yredelemnul
Zin
The Shining One
Beogh
Jiyva

Shops:
Orc:2 *=[=*:

Annotations:
D:3 metal vault
D:9 vault
D:10 Sonja, Sonja
Lair:1 exclusion: oklob plant


Innate Abilities, Weirdness & Mutations

Your flesh is cold resistant.


Message History

Aim: a spriggan rider, wielding a spear (heavily wounded)
Okay, then.
Casting: Stone Arrow
Confirm with . or Enter, or press ? or * to list all spells.
Aiming: Bolt of Magma
Press: ? - help, Shift-Dir - straight line, f/p - spriggan rider
Aim: a spriggan rider, wielding a spear (heavily wounded)
The bolt of magma misses the spriggan rider.
The spriggan rider is engulfed in a cloud of scalding steam.
The spriggan rider hits you from afar with a spear!
* * * LOW HITPOINT WARNING * * *
Casting: Bolt of Magma
Confirm with . or Enter, or press ? or * to list all spells.
You blink.
The spriggan rider is engulfed in a cloud of scalding steam. x2
Casting: Blink
Confirm with . or Enter, or press ? or * to list all spells.
The spriggan rider resists with almost no effort.
The spriggan rider hits you from afar with a spear!
You die...

...##.....##..♣ . .
≈≈..##...##..♣♣♣♣..#
≈≈≈..#.###..≈≈♣♣...##
. ...........♣.♣♣♣....
..
..≈♣♣.....♣.§§♣♣...##.
..♣♣♣♣♣♣♣♣♣♣§§≈......
♣♣♣ ♣♣§≈i....#.
♣♣≈§≈.≈...#
♣≈..≈..@..#
≈.≈≈≈..≈.....#
i...≈≈.≈......#
≈....♣≈.≈≈....... ..
♣≈.≈....≈..♣ .
≈.≈..§≈.≈≈♣♣
....≈....≈♣♣
♣♣♣.♣..♣≈.♣♣


You could see a spriggan rider.

Vanquished Creatures
  Saint Roka (Orc:1)
  Rupert (Lair:8)
  Maud (Orc:1)
  An orc warlord (Orc:2)
  A fire dragon (Lair:8)
  An ettin (Orc:2)
  Fannar (D:10)
  6 hydras
  Harold (Orc:1)
  A catoblepas (Lair:6)
  A centaur warrior (D:12)
  An alligator (Swamp:1)
  A queen ant (Lair:2)
  11 death yaks
  Urug (D:11)
  6 orc high priests
  A lindwurm (Lair:8)
  2 swamp dragons (Swamp:1)
  2 orc knights (Orc:2)
  6 hill giants
  An oklob plant (Lair:7)
  3 ugly things
  4 orc sorcerers (Orc:2)
  2 cyclopes
  2 griffons
  8 black mambas
  19 elephants
  Psyche (D:11)
  2 gargoyles
  7 torpor snails
  14 spiny frogs
  4 rime drakes
  11 komodo dragons
  A jumping spider (Lair:4)
  2 polar bears
  2 two-headed ogres
  10 trolls
  5 giant leeches
  23 blink frogs
  9 slime creatures
  2 bog bodies (Swamp:1)
  A boulder beetle (Lair:4)
  3 redbacks (Lair:4)
  40 yaks
  2 wyverns
  A vampire (D:11)
  12 basilisks
  2 humans (D:10)
  9 hippogriffs
  2 hungry ghosts
  A steam dragon (Lair:5)
  8 wargs
  4 vampire mosquitoes (Swamp:1)
  11 soldier ants
  3 swamp worms
  23 water moccasins
  7 porcupines
  24 orc warriors
  5 wasps
  An eye of draining (D:10)
  A sky beast (D:6)
  2 black bears
  3 ice beasts
  13 ogres
  A necrophage (D:10)
  2 phantoms (D:6)
  6 wolves (Lair:5)
  13 crocodiles
  14 centaurs
  4 big kobolds
  21 giant frogs
  5 gnoll sergeants (D:11)
  7 scorpions
  10 killer bees
  8 wights
  An electric eel (Lair:8)
  11 howler monkeys
  8 crimson imps
  2 centaur zombies
  2 jellies
  A giant frog zombie (D:11)
  9 hounds
  24 orc wizards
  3 quasits
  3 centaur skeletons
  2 gnoll shamans
  15 orc priests
  4 giant frog skeletons
  5 iguanas
  46 worker ants
  5 hell rats (Lair:8)
  2 killer bee zombies
  20 sheep
  3 hound zombies
  2 hound skeletons
  A mummy (D:6)
  A worker ant zombie (D:11)
  17 gnolls
  16 adders
  93 river rats
  4 shadow imps
  2 adder skeletons
  20 worms
  3 giant geckos
  75 orcs
  3 ball pythons
  13 bats
  3 giant cockroaches
  6 goblins
  3 hobgoblins (D:3)
  5 jackals
  10 quokkas
  A giant gecko skeleton (D:4)
  5 giant newts
  2 hobgoblin zombies (D:6)
  14 kobolds
  2 orc zombies (D:6)
  A quokka skeleton (D:5)
  10 rats
  4 fungi
  3 plants
933 creatures vanquished.

Vanquished Creatures (collateral kills)
  Snorg (Lair:8)
  An orc knight (Orc:1)
  2 elephants
  2 black mambas (Lair:8)
  A torpor snail (Lair:6)
  A troll (Orc:2)
  12 yaks
  A hippogriff (D:10)
  3 orc warriors
  An ogre (Orc:2)
  2 crocodiles (Lair:8)
  A scorpion (D:4)
  3 killer bees (D:10)
  2 crimson imps
  3 orc wizards
  An iguana (Lair:6)
  4 gnolls
  2 river rats
  2 worms
  8 orcs
  2 bushes (Lair:8)
  18 fungi
  8 plants (Lair:8)
81 creatures vanquished.

Vanquished Creatures (others)
  A cyclops (D:12)
  A rat (D:1)
  A bush (Lair:7)
  134 fungi
  70 plants
  4 snaplasher vines
  628 snaplasher vine segments
839 creatures vanquished.

Grand Total: 1853 creatures vanquished

Notes
Turn   | Place    | Note
--------------------------------------------------------------
     0 | D:1      | Mefis the Deep Elf Wizard began the quest for the Orb.
     0 | D:1      | Reached XP level 1. HP: 10/10 MP: 7/7
   208 | D:1      | Reached skill level 5 in Spellcasting
   208 | D:1      | Reached XP level 2. HP: 15/15 MP: 1/10
   380 | D:1      | Learned a level 2 spell: Call Imp
   383 | D:1      | Learned a level 2 spell: Blink
   386 | D:1      | Learned a level 2 spell: Repel Missiles
  1024 | D:2      | Reached XP level 3. HP: 19/19 MP: 0/11
  1338 | D:2      | Found a bloodstained altar of Trog.
  1500 | D:2      | Reached skill level 1 in Charms
  1577 | D:3      | Reached XP level 4. HP: 24/24 MP: 8/13
  1582 | D:3      | Learned a level 3 spell: Mephitic Cloud
  1586 | D:3      | Learned a level 3 spell: Conjure Flame
  2157 | D:3      | Reached skill level 6 in Spellcasting
  2578 | D:3      | Noticed a centaur
  2593 | D:3      | Killed a centaur
  2593 | D:3      | Reached XP level 5. HP: 28/28 MP: 0/15
  2896 | D:4      | Found a shimmering altar of Xom.
  2910 | D:4      | Reached skill level 1 in Fire Magic
  2910 | D:4      | Reached skill level 1 in Poison Magic
  2930 | D:4      | Noticed an ogre
  2965 | D:3      | Reached XP level 6. HP: 26/32 MP: 6/17
  2969 | D:3      | Learned a level 2 spell: Slow
  3655 | D:4      | Reached skill level 1 in Hexes
  3802 | D:4      | Reached XP level 7. HP: 27/36 MP: 11/19
  4250 | D:3      | Reached skill level 7 in Spellcasting
  4670 | D:5      | Entered Level 5 of the Dungeon
  4913 | D:5      | Found a white marble altar of Elyvilon.
  4916 | D:5      | Found a shadowy altar of Dithmenos.
  4916 | D:5      | Found a burning altar of Makhleb.
  4927 | D:5      | Found an oddly glowing altar of Pakellas.
  4931 | D:5      | Found a shimmering altar of Xom.
  5186 | D:5      | Found a sacrificial altar of Ru.
  5189 | D:5      | Found a stormy altar of Qazlal.
  5414 | D:5      | Found a staircase to the Ecumenical Temple.
  5425 | Temple   | Entered the Ecumenical Temple
  5462 | Temple   | Became a worshipper of Sif Muna the Loreminder
  5789 | D:5      | Learned a level 3 spell: Inner Flame
  5842 | D:6      | Reached XP level 8. HP: 41/41 MP: 13/21
  5889 | D:6      | Found a glowing silver altar of Zin.
  6428 | D:6      | Reached * piety under Sif Muna
  6581 | D:6      | Reached skill level 8 in Spellcasting
  6750 | D:6      | Reached skill level 1 in Invocations
  6825 | D:6      | Reached skill level 5 in Stealth
  7507 | D:6      | Reached skill level 1 in Shields
  8309 | D:7      | Learned a level 4 spell: Cause Fear
  8385 | D:7      | Reached XP level 9. HP: 39/45 MP: 14/23
  8831 | D:7      | Found a shattered altar of Ashenzari.
  8961 | D:7      | Found a sparkling altar of Nemelex Xobeh.
  8999 | D:7      | Reached ** piety under Sif Muna
  9450 | D:8      | Noticed a troll
  9470 | D:8      | Reached skill level 9 in Spellcasting
  9614 | D:6      | Reached skill level 5 in Hexes
  9702 | D:7      | Killed a troll
  9972 | D:8      | Reached skill level 5 in Charms
 10742 | D:8      | Reached skill level 5 in Dodging
 11383 | D:9      | Reached XP level 10. HP: 50/50 MP: 1/25
 11462 | D:9      | Reached *** piety under Sif Muna
 11604 | D:9      | Learned a level 4 spell: Leda's Liquefaction
 12004 | D:9      | Found a radiant altar of Vehumet.
 12265 | D:9      | Found an opulent altar of Gozag.
 12418 | D:9      | Noticed a brown ugly thing
 13130 | D:9      | Killed a brown ugly thing
 13130 | D:9      | Reached skill level 5 in Conjurations
 13204 | D:9      | Gained mutation: Your flesh is cold resistant. [mutagenic meat]
 13205 | D:9      | Gained mutation: Your body sometimes deteriorates upon taking damage. [mutagenic meat]
 13206 | D:9      | Gained mutation: You have sharp toenails. [mutagenic meat]
 13303 | D:9      | Reached skill level 10 in Spellcasting
 13629 | D:9      | Reached skill level 5 in Summonings
 13705 | D:10     | Entered Level 10 of the Dungeon
 13884 | D:10     | Found a burning altar of Makhleb.
 14070 | D:10     | Found an iron altar of Okawaru.
 14101 | D:10     | Reached **** piety under Sif Muna
 14683 | D:10     | Reached skill level 5 in Fire Magic
 15268 | D:10     | Reached XP level 11. HP: 54/54 MP: 13/27
 15419 | D:10     | Noticed Fannar
 15445 | D:10     | Killed Fannar
 15445 | D:10     | Reached skill level 5 in Poison Magic
 16333 | D:11     | Learned a level 3 spell: Gell's Gravitas
 16351 | D:11     | Noticed Urug
 16369 | D:11     | Killed Urug
 16391 | D:11     | Reached ***** piety under Sif Muna
 16664 | D:11     | Noticed a hill giant
 16671 | D:11     | Killed a hill giant
 17107 | D:11     | Noticed Psyche
 17259 | D:11     | Noticed a hill giant
 17601 | D:11     | Noticed a hill giant
 17649 | D:11     | Killed a hill giant
 17867 | D:11     | Reached skill level 5 in Translocations
 18021 | D:11     | Noticed Sonja
 18376 | D:10     | Found a burning altar of Makhleb.
 19333 | D:11     | Noticed a hill giant
 19360 | D:11     | Killed a hill giant
 19372 | D:11     | Killed a hill giant
 19372 | D:11     | Reached skill level 1 in Fighting
 19372 | D:11     | Reached skill level 5 in Invocations
 19558 | D:10     | Reached skill level 11 in Spellcasting
 19771 | D:11     | Killed Psyche
 20086 | D:11     | Reached skill level 1 in Armour
 20097 | D:11     | Found a staircase to the Lair.
 20177 | Lair:1   | Entered Level 1 of the Lair of Beasts
 20287 | D:11     | Found a staircase to the Orcish Mines.
 20313 | D:11     | Reached XP level 12. HP: 60/60 MP: 5/29
 21141 | Orc:1    | Entered Level 1 of the Orcish Mines
 21141 | Orc:1    | Noticed Harold
 21201 | D:12     | Noticed an eight-headed hydra
 21250 | D:12     | Killed an eight-headed hydra
 21440 | D:12     | Reached ****** piety under Sif Muna
 21672 | D:12     | Received a gift from Sif Muna
 21734 | D:12     | Identified Sif Muna's Compendium of Ensnaring Flames (Sif Muna gifted it to you on level 12 of the Dungeon)
 21754 | D:12     | Learned a level 5 spell: Bolt of Magma
 22239 | D:12     | Reached skill level 1 in Earth Magic
 22471 | D:12     | Noticed a centaur warrior
 22479 | D:12     | Reached skill level 1 in Air Magic
 22942 | D:12     | Killed a centaur warrior
 23494 | D:12     | Identified Luidoosm's Catalogue of Confrontation
 23655 | D:12     | Reached skill level 10 in Hexes
 24131 | D:13     | Found a blossoming altar of Fedhas.
 24229 | D:13     | Reached skill level 12 in Spellcasting
 25297 | Lair:1   | Received a gift from Sif Muna
 25465 | Lair:1   | Identified Sif Muna's Incunabulum of Warped Blows and Bruises (Sif Muna gifted it to you on level 1 of the Lair of Beasts)
 25474 | Lair:1   | Learned a level 5 spell: Iskenderun's Battlesphere
 25933 | Lair:1   | Learned a level 4 spell: Passage of Golubria
 26050 | Lair:1   | Learned a level 5 spell: Fireball
 26054 | Lair:1   | Learned a level 3 spell: Stone Arrow
 26057 | Lair:1   | Learned a level 2 spell: Shroud of Golubria
 26204 | Lair:1   | Learned a level 1 spell: Magic Dart
 26305 | Lair:1   | Reached XP level 13. HP: 64/64 MP: 17/31
 26313 | Lair:1   | Learned a level 2 spell: Throw Frost
 27973 | Lair:2   | Reached skill level 1 in Ice Magic
 29139 | Lair:3   | Upgraded the game from 0.19-a0-19-gf75ed07 to 0.19-a0-27-g415f530
 29660 | Lair:3   | Found a staircase to the Swamp.
 30440 | Lair:3   | Reached skill level 5 in Earth Magic
 32969 | Lair:4   | Found a hole to the Spider Nest.
 33580 | Lair:5   | Reached skill level 13 in Spellcasting
 34168 | Lair:5   | Reached XP level 14. HP: 47/70 MP: 4/33
 35293 | Lair:6   | Received a gift from Sif Muna
 35320 | Lair:6   | Identified Sif Muna's Compendium of Changing and the Compass (Sif Muna gifted it to you on level 6 of the Lair of Beasts)
 35538 | Lair:5   | Learned a level 5 spell: Summon Forest
 37490 | Lair:6   | Lost mutation: Your body sometimes deteriorates upon taking damage. [potion of cure mutation]
 37490 | Lair:6   | Lost mutation: You have sharp toenails. [potion of cure mutation]
 39494 | Lair:7   | Found a viscous altar of Jiyva.
 39494 | Lair:7   | Found a staircase to the Slime Pits.
 40275 | Lair:8   | Entered Level 8 of the Lair of Beasts
 40393 | Lair:8   | Reached skill level 14 in Spellcasting
 40541 | Lair:8   | Reached skill level 10 in Stealth
 41265 | Lair:8   | Noticed Snorg
 41272 | Lair:8   | Killed Snorg
 41480 | Lair:8   | Noticed Rupert
 41514 | Lair:8   | Found a shattered altar of Ashenzari.
 41534 | Lair:8   | Killed Rupert
 41534 | Lair:8   | Reached XP level 15. HP: 74/74 MP: 3/35
 42307 | Lair:8   | Found a runed door.
 43641 | Lair:8   | Reached skill level 10 in Invocations
 44561 | Orc:1    | Killed Harold
 44590 | Orc:1    | Noticed Maud
 44602 | Orc:1    | Killed Maud
 44954 | Orc:2    | Entered Level 2 of the Orcish Mines
 44954 | Orc:2    | Found Luejarer's Assorted Antiques.
 44954 | Orc:2    | Found Gofo's General Store.
 46499 | Orc:2    | Noticed an orc warlord
 46880 | Orc:2    | Found Bajan's Book Boutique.
 47061 | Orc:2    | Killed an orc warlord
 47429 | Orc:2    | Bought a fizzy ruby potion for 18 gold pieces
 47429 | Orc:2    | Bought a ruby potion for 18 gold pieces
 47429 | Orc:2    | Bought a scroll of identify for 42 gold pieces
 47454 | Orc:2    | Found a staircase to the Elven Halls.
 47465 | Orc:2    | Bought a scroll of holy word for 97 gold pieces
 47465 | Orc:2    | Bought a potion of resistance for 130 gold pieces
 47465 | Orc:2    | Bought a scroll of identify for 26 gold pieces
 47484 | Orc:2    | Found Ihamempeff's Jewellery Boutique.
 47493 | Orc:2    | Bought a +3 ring of intelligence for 204 gold pieces
 47493 | Orc:2    | Bought an uncursed ring of magical power for 260 gold pieces
 47642 | Orc:2    | Found Zofaibat's Jewellery Shop.
 47700 | Orc:2    | Found Qairih's Antique Armour Boutique.
 47922 | Orc:1    | Found a roughly hewn altar of Beogh.
 48883 | Orc:2    | Received a gift from Sif Muna
 48976 | Orc:2    | Noticed Saint Roka
 49491 | Orc:1    | Killed Saint Roka
 49914 | Orc:2    | Found a roughly hewn altar of Beogh.
 49919 | Orc:2    | Reached skill level 15 in Spellcasting
 50230 | Orc:2    | Identified Sif Muna's Catalogue of Combat Magic (Sif Muna gifted it to you on level 2 of the Orcish Mines)
 50327 | Lair:1   | Learned a level 7 spell: Orb of Destruction
 51060 | Swamp:1  | Entered Level 1 of the Swamp
 51179 | Swamp:1  | Reached skill level 10 in Dodging
 51499 | Swamp:1  | Reached skill level 10 in Conjurations
 52394 | Swamp:1  | Got a smoking shortbow
 52395 | Swamp:1  | Identified the +3 shortbow of Seomann {freeze, rF+ MP+9 Int+2 SInv} (You found it on level 1 of the Swamp)
 52486 | Swamp:1  | Mangled by a spriggan rider

Vault maps used:
D:1:      dpeg_arrival_rooms_a, lemuel_old_faithful
D:2:      old_standard_altar
D:3:      minmay_misc_feat_encased
D:4:      led_xom_imps
D:5:      kennysheep_mini, minmay_overflow_temple_star_hex,
          minmay_temple_entry_hall, first_bread, basic_altar
D:6:      lemuel_doored_altar, minmay_mini_ossuary
D:7:      evilmike_ruin_ashenzari, lemuel_coloured_pillars_altar, minivault_5,
          kennysheep_small_square
D:8:      serial_curves, eino_curves_02, eino_curves_02,
          nicolae_ossuary_entry_ruins
D:9:      vehumet_altar_wand_db, nicolae_gozag_cash_rules_everything_around_me
D:10:     basic_altar, hangedman_pestilent_swarm, okawaru_humans, uniq_fannar
D:11:     grunt_lair_entry_orc_guard_hut,
          kennysheep_orc_monster_closet_entryway, uniq_sonja, uniq_urug,
          uniq_psyche
D:13:     fedhas_altar_3
Temple:   circular_temple_pool_8
Lair:1:   minmay_lair_oklob_chamber, st_stairs_13, serial_bayou_shore_b,
          lemuel_fruit_tree
Lair:2:   zaba_anthell
Lair:3:   minmay_swamp_entry_worms, nicolae_quartered_pool_super
Lair:4:   spider_nest_entry_funnel_web, grunt_megastairs_2
Lair:5:   wad_woods_minihive
Lair:6:   lemuel_fruit_fields, infiniplex_staircase_pool_2
Lair:7:   dpeg_slime_entry_enclosed_altar, minmay_hedge_maze, minivault_27
Lair:8:   wormcave, basic_altar, serial_bayou_shore_a, uniq_snorg, uniq_rupert
Swamp:1:  serial_swamp_ruin, evilmike_swamp_ruin_rubble_1,
          evilmike_swamp_ruin_house_4, evilmike_swamp_ruin_house_3
Orc:1:    basic_altar, uniq_maud, uniq_harold
Orc:2:    grunt_orc_gardens, grunt_orc_garden, grunt_orc_garden,
          grunt_orc_garden, grunt_orc_garden, serial_shops,
          nicolae_shop_statue_plus, shop_fountains, shop, shop_statue,
          kennysheep_orc_chapel, uniq_saint_roka

Skill      XL: |  1  2  3  4  5  6  7  8  9 10 11 12 13 14 15 |
---------------+----------------------------------------------+-----
Spellcasting   | 5 6 7 8 9 10 11 12 13 14 15 | 15.1
Charms         | 1 2 3 4 5 6 7 8 |  8.0
Stealth        | 3 4 5 6 7 8 9 10 | 10.6
Dodging        | 3 4 5 6 7 8 9 10 | 10.0
Translocations | 2 3 4 5 |  5.3
Conjurations   | 2 3 4 5 6 7 9 10 | 10.0
Fire Magic     | 1 2 3 4 5 6 7 8 |  8.7
Poison Magic   | 1 2 3 4 5 6 7 |  7.1
Summonings     | 2 3 4 5 6 |  6.1
Hexes          | 1 2 4 6 7 9 10 11 12 13 | 13.1
Invocations    | 1 2 4 5 7 8 9 10 | 10.5
Shields        | 1 2 3 |  3.1
Fighting       | 1 |  1.0
Armour         | 1 2 3 4 |  4.0
Earth Magic    | 3 6 7 |  7.9
Air Magic      | 2 3 4 |  4.6
Ice Magic      | 2 |  2.7

Action                   |  1- 3 |  4- 6 |  7- 9 | 10-12 | 13-15 || total
-------------------------+-------+-------+-------+-------+-------++-------
Melee: Short sword       |       |    10 |       |     2 |       ||    12
       Kick              |       |       |       |     1 |     1 ||     2
       Staff             |       |       |       |     3 |    18 ||    21
 Fire: Shortbow          |       |       |       |    15 |       ||    15
Throw: Throwing net      |       |       |       |       |     1 ||     1
 Cast: Magic Dart        |    68 |   132 |   499 |  1132 |   698 ||  2529
       Call Imp          |     4 |    12 |     9 |    22 |       ||    47
       Repel Missiles    |     1 |     1 |       |       |     5 ||     7
       Mephitic Cloud    |       |     4 |    32 |    76 |    44 ||   156
       Conjure Flame     |       |       |    22 |    79 |       ||   101
       Blink             |       |       |    12 |    10 |    28 ||    50
       Inner Flame       |       |       |     5 |    22 |       ||    27
       Slow              |       |       |     1 |    18 |    20 ||    39
       Leda's Liquefacti |       |       |       |     3 |       ||     3
       Cause Fear        |       |       |       |     3 |    24 ||    27
       Bolt of Magma     |       |       |       |    61 |   167 ||   228
       Gell's Gravitas   |       |       |       |     9 |       ||     9
       Stone Arrow       |       |       |       |     5 |   576 ||   581
       Passage of Golubr |       |       |       |     4 |       ||     4
       Shroud of Golubri |       |       |       |     3 |    29 ||    32
       Fireball          |       |       |       |       |    73 ||    73
       Throw Frost       |       |       |       |       |    14 ||    14
       Iskenderun's Batt |       |       |       |       |    60 ||    60
       Summon Forest     |       |       |       |       |    21 ||    21
       Orb of Destructio |       |       |       |       |    19 ||    19
Invok: Channel Energy    |       |       |    10 |   138 |   106 ||   254
       Forget Spell      |       |       |       |     3 |     1 ||     4
Evoke: Wand              |       |       |     1 |       |     4 ||     5
  Use: Scroll            |       |       |    15 |    10 |    13 ||    38
       Potion            |       |       |       |     1 |     4 ||     5
  Eat: Chunk             |     2 |     7 |    21 |    54 |    57 ||   141
       Pizza             |       |       |     1 |     4 |     2 ||     7
       Bread ration      |       |       |       |     2 |     6 ||     8
       Fruit             |       |       |       |     6 |     7 ||    13
       Meat ration       |       |       |       |     1 |     2 ||     3
       Beef jerky        |       |       |       |       |     1 ||     1
Armor: Robe              |       |     9 |    21 |    23 |       ||    53
       Troll leather arm |       |       |       |    29 |    75 ||   104
       Skin              |       |       |       |       |     6 ||     6
Dodge: Dodged            |     6 |    32 |   111 |   229 |   349 ||   727
       Deflected         |     1 |       |       |     5 |    10 ||    16
Block: Other             |       |       |       |    34 |    41 ||    75
       Reflection        |       |       |       |     2 |     2 ||     4
